 Dungeon Sprint DCSS version 0.23-a0-143-g1adec7b (webtiles) character file.

16354 emperorscorpion the Eclecticist (level 12, -3/64 HPs)
             Began as a Deep Elf Air Elementalist on Sept 5, 2018.
             Was the Champion of Sif Muna.
             Slain by a green ugly thing (14 damage)
             ... in the Dungeon (Sprint IX: "|||||||||||||||||||||||||||||").
             The game lasted 00:22:20 (1101 turns).

emperorscorpion the Eclecticist (DEAE)              Turns: 1101, Time: 00:22:21

Health: -3/64      AC:  8    Str:  8    XL:     12   Next: 9%
Magic:  0/37       EV: 19    Int: 26    God:    Sif Muna [******]
Gold:   679        SH:  0    Dex: 18    Spells: 11/50 levels left

rFire    . . .     SeeInvis .   a - +8 quarterstaff (speed)
rCold    . . .     Gourm    .   (shield currently unavailable)
rNeg     . . .     Faith    .   n - +2 robe {Archmagi}
rPois    .         Spirit   .   K - +1 helmet
rElec    .         Reflect  .   x - +0 cloak
rCorr    .         Harm     .   p - +0 pair of gloves
MR       +....     NoTele   +   (no boots)
Stlth    ++++......             (no amulet)
HPRegen  0.20/turn              r - +3 ring of dexterity
MPRegen  0.25/turn              s - +3 ring of strength

@: sluggish, very slow
A: no striking features
a: Divine Energy, Channel Magic, Forget Spell, Renounce Religion


You were in the Dungeon.
You worshipped Sif Muna.
Sif Muna was exalted by your worship.
You were hungry.

You visited 1 branch You collected 1900 gold pieces.
You spent 1221 gold pieces at shops.

Inventory:

Hand Weapons
 a - a +8 quarterstaff of speed (weapon)
 j - a -1 dagger
Armour
 n - a +2 robe of the Archmagi (worn)
 o - a +0 robe
 p - a +0 pair of gloves (worn)
 q - a +0 helmet
 x - a +0 cloak (worn)
 C - a +2 robe of magic resistance
 J - +0 acid dragon scales
 K - a +1 helmet (worn)
 L - a +1 pair of gloves
Magical Staves
 b - an uncursed staff of energy
 v - an uncursed staff of fire
Jewellery
 r - a +3 ring of dexterity (left hand)
 s - a +3 ring of strength (right hand)
 F - an uncursed ring of see invisible
 G - an uncursed ring of protection from magic
 H - an uncursed ring of protection from cold
 I - an uncursed ring of protection from fire
Wands
 A - a wand of paralysis (13)
Scrolls
 i - 3 scrolls of blinking
 k - 3 scrolls of remove curse
 l - 2 scrolls of amnesia
 w - 2 scrolls of identify
 y - a scroll of fog
 z - 2 scrolls of fear
 N - 2 scrolls of enchant weapon
Potions
 d - 8 potions of curing
 e - 9 potions of heal wounds
 f - a potion of haste
 g - 4 potions of magic
 h - a potion of invisibility
 t - 5 potions of mutation
 u - 2 potions of agility
 B - a potion of lignification {unknown}
 E - a potion of brilliance
 M - a potion of berserk rage
Comestibles
 c - 14 rations
 D - 3 chunks of flesh


   Skills:
 + Level 2.5 Fighting
 - Level 0.3 Short Blades
 + Level 3.4 Staves
 + Level 8.6 Dodging
 - Level 7.7 Stealth
 * Level 19.9 Spellcasting
 + Level 9.4 Conjurations
 * Level 12.6 Charms
 * Level 7.0 Necromancy
 - Level 1.9 Translocations
 + Level 15.5 Air Magic
 * Level 13.8 Invocations
 - Level 1.1 Evocations


You had 11 spell levels left.
You knew the following spells:

 Your Spells              Type           Power        Failure   Level  Hunger
a - Shock                 Conj/Air       ####         0%          1    None
b - Swiftness             Chrm/Air       #######.     0%          2    None
c - Airstrike             Air            ########..   1%          4    None
d - Lightning Bolt        Conj/Air       #######...   1%          5    None
e - Ozocubu's Armour      Chrm/Ice       ######..     1%          3    None
f - Mephitic Cloud        Conj/Pois/Air  #######.     1%          3    None
g - Force Lance           Conj/Tloc      ######..     1%          4    None
h - Borgnjor's Vile Clut  Necr/Erth      ######....   11%         5    None
i - Passage of Golubria   Tloc           N/A          8%          4    None
B - Blink                 Tloc           N/A          1%          2    None
C - Freezing Cloud        Conj/Ice/Air   #######...   9%          6    ##.....

Your spell library contained the following spells:

 Spells                   Type           Power        Failure   Level  Hunger
 Apportation              Tloc           ######       1%          1    None
 Flame Tongue             Conj/Fire      #####        1%          1    None
 Magic Dart               Conj           ####         1%          1    None
 Sting                    Conj/Pois      ####         1%          1    None
 Corpse Rot               Necr           N/A          1%          2    None
 Searing Ray              Conj           ######       1%          2    None
 Shroud of Golubria       Chrm/Tloc      #######...   1%          2    None
 Throw Frost              Conj/Ice       ######       1%          2    None
 Conjure Flame            Conj/Fire      ######..     1%          3    None
 Static Discharge         Conj/Air       #######.     1%          3    None
 Stone Arrow              Conj/Erth      ######       1%          3    None
 Silence                  Hex/Air        #######...   1%          5    None
 Conjure Ball Lightning   Conj/Air       #######...   1%          6    ##.....
 Call Imp                 Summ           #####...     2%          2    None
 Passwall                 Tmut/Erth      #####...     2%          2    None
 Slow                     Hex            #####...     2%          2    None
 Teleport Other           Tloc           ######..     2%          3    None
 Fulminant Prism          Conj/Hex       ######....   2%          4    None
 Agony                    Necr           #######.     2%          5    None
 Fireball                 Conj/Fire      ######....   7%          5    None
 Irradiate                Conj/Tmut      ######....   7%          5    None
 Venom Bolt               Conj/Pois      ######....   7%          5    None
 Death Channel            Necr           #######...   14%         6    ##.....
 Orb of Destruction       Conj           #######...   28%         7    ####...
 Iron Shot                Conj/Erth      ######....   36%         6    ##.....
 Poison Arrow             Conj/Pois      ######....   36%         6    ##.....
 Blade Hands              Tmut           #####.....   43%         5    None
 Yara's Violent Unravell  Hex/Tmut       #####.....   43%         5    None
 Simulacrum               Ice/Necr       ######....   52%         6    ##.....
 Chain Lightning          Conj/Air       #######...   54%         8    ######.
 Dispersal                Tloc           ######....   75%         6    ##.....
 Spellforged Servitor     Conj/Summ      ######....   90%         7    ####...
 Darkness                 Hex            #####.....   95%         6    ##.....
 Hydra Form               Tmut           #####.....   95%         6    ##.....
 Statue Form              Tmut/Erth      #####....    95%         6    ##.....
 Malign Gateway           Summ/Tloc      #####.....   100%        7    ####...
 Controlled Blink         Tloc           N/A          100%        8    ######.


Dungeon Overview and Level Annotations

Branches:
Dungeon (1/1)

Altars:
Cheibriados
Dithmenos
Elyvilon
Fedhas
Gozag
Hepliaklqana
Kikubaaqudgha
Makhleb
Nemelex Xobeh
Okawaru
Qazlal
Ru
Sif Muna
Trog
Uskayaw
Vehumet
Wu Jian
Xom
Yredelemnul
Zin
The Shining One
Beogh
Jiyva
Lugonu

Shops:
D *!::


Message History

You feel a surge of power!
You hear a mighty clap of thunder!
The bolt of lightning misses the green ugly thing.
The bolt of lightning misses the ettin.
The green ugly thing completely misses you.
Evoke which item? (* to show all) (? for menu, Esc to quit)
Aiming: Corrosive Bolt
Press: ? - help, Shift-Dir - straight line, f/p - green ugly thing
Aim: a green ugly thing (almost dead)
The bolt of acid misses the green ugly thing.
The bolt of acid hits the ettin.
The ettin is splashed with acid.
The acid corrodes the ettin!
The ettin is almost dead.
The now-empty wand crumbles to dust.
The green ugly thing stings you but does no damage.
Casting: Lightning Bolt (safe; 1% risk of failure)
Confirm with . or Enter, or press ? or * to list all spells.
You feel a surge of power!
You blink.
The ettin completely misses you. The ettin barely misses you.
The green ugly thing stings you!
You die...

'..[[[...'(.(.........'.....†..†'
▓▓▓▓▓▓▓▓▓▓▓▓▓▓▓▓▓▓▓▓▓▓▓▓▓▓▓▓▓▓▓▓▓
..............)..................
▓▓▓▓▓▓▓▓▓▓▓▓▓▓▓▓▓▓▓▓▓▓▓▓▓▓▓▓▓▓▓▓▓
.....'....)∩.∩)∩)∩....)))......))
▓▓▓▓▓▓▓▓▓▓▓▓▓▓▓▓▓▓▓▓▓▓▓▓▓▓▓▓▓▓▓▓▓
.................................
▓▓▓▓▓▓▓▓▓▓▓▓▓▓▓▓▓▓▓▓▓▓▓▓▓▓▓▓▓▓▓▓▓
...).)C@u§.)').........[
▓▓▓▓▓▓▓▓▓▓▓▓▓▓▓▓▓▓▓▓▓▓▓▓


You could see a green ugly thing and an ettin.

Vanquished Creatures
  A frost giant (D)
  An ettin (D)
  Erolcha (D)
  2 hydras (D)
  A hell knight (D)
  A necromancer (D)
  An orc sorcerer (D)
  8 orc knights (D)
  Psyche (D)
  6 spiny frogs (D)
  A yaktaur (D)
  2 trolls (D)
  2 blink frogs (D)
  3 hippogriffs (D)
  A tyrant leech (D)
  A dream sheep (D)
  A wraith (D)
  A hungry ghost (D)
  Eustachio (D)
  A vampire mosquito (D)
  An acid dragon (D)
  A water moccasin (D)
  3 porcupines (D)
  13 orc warriors (D)
  2 sky beasts (D)
  A phantom (D)
  A wolf (D)
  3 crocodiles (D)
  3 bullfrogs (D)
  2 crimson imps (D)
  2 jellies (D)
  5 orc priests (D)
  7 orc wizards (D)
  An adder (D)
  A shadow imp (D)
  An adder skeleton (D)
  10 orcs (D)
  A bat skeleton (D)
  2 hobgoblins (D)
  A bat (D)
  A giant cockroach zombie (D)
  A goblin (D)
  A leopard gecko skeleton (D)
  A rat (D)
102 creatures vanquished.

Notes
Turn   | Place    | Note
-------+----------+-------------------------------------------
     0 | D        | emperorscorpion the Deep Elf Air Elementalist began the
                  | quest for the Orb.
     0 | D        | Reached XP level 1. HP: 10/10 MP: 6/6
    46 | D        | Noticed a jelly
    48 | D        | Reached XP level 2. HP: 12/15 MP: 6/8
    51 | D        | Reached skill level 4 in Spellcasting
    51 | D        | Reached skill level 5 in Air Magic
    51 | D        | Reached XP level 3. HP: 17/19 MP: 7/11
    68 | D        | Found a roughly hewn altar of Beogh.
    68 | D        | Found a snail-covered altar of Cheibriados.
    68 | D        | Found a shadowy altar of Dithmenos.
    68 | D        | Found a white marble altar of Elyvilon.
    68 | D        | Found a blossoming altar of Fedhas.
    68 | D        | Found an opulent altar of Gozag.
    69 | D        | Found a hazy altar of Hepliaklqana.
    70 | D        | Found a viscous altar of Jiyva.
    71 | D        | Found an ancient bone altar of Kikubaaqudgha.
    72 | D        | Found a corrupted altar of Lugonu.
    73 | D        | Found a burning altar of Makhleb.
    74 | D        | Found a sparkling altar of Nemelex Xobeh.
    75 | D        | Found an iron altar of Okawaru.
    76 | D        | Found a stormy altar of Qazlal.
    77 | D        | Found a sacrificial altar of Ru.
    78 | D        | Found a deep blue altar of Sif Muna.
    79 | D        | Found a bloodstained altar of Trog.
    80 | D        | Found a hide-covered altar of Uskayaw.
    81 | D        | Found a radiant altar of Vehumet.
    82 | D        | Found an ornate altar of the Wu Jian Council.
    83 | D        | Found a shimmering altar of Xom.
    84 | D        | Found a basalt altar of Yredelemnul.
    85 | D        | Found a glowing silver altar of Zin.
    86 | D        | Became a worshipper of Sif Muna the Loreminder
    87 | D        | Found a glowing golden altar of the Shining One.
   120 | D        | Learned a level 2 spell: Swiftness
   121 | D        | Noticed a sky beast
   121 | D        | Noticed a phantom
   121 | D        | Noticed a troll
   123 | D        | Reached skill level 5 in Stealth
   123 | D        | Reached skill level 5 in Spellcasting
   123 | D        | Reached XP level 4. HP: 20/24 MP: 10/13
   124 | D        | Killed a troll
   124 | D        | Reached * piety under Sif Muna
   124 | D        | Reached ** piety under Sif Muna
   124 | D        | Reached skill level 7 in Spellcasting
   124 | D        | Reached XP level 5. HP: 24/28 MP: 11/17
   124 | D        | Reached XP level 6. HP: 27/32 MP: 11/18
   135 | D        | Reached skill level 1 in Staves
   135 | D        | Reached skill level 8 in Spellcasting
   135 | D        | Reached skill level 10 in Air Magic
   137 | D        | Reached *** piety under Sif Muna
   139 | D        | Killed a sky beast
   139 | D        | Reached skill level 9 in Spellcasting
   139 | D        | Reached skill level 1 in Evocations
   139 | D        | Reached XP level 7. HP: 20/36 MP: 11/21
   146 | D        | Learned a level 5 spell: Lightning Bolt
   167 | D        | Noticed a wraith
   192 | D        | Killed a wraith
   192 | D        | Reached skill level 1 in Charms
   198 | D        | Learned a level 4 spell: Airstrike
   212 | D        | Reached **** piety under Sif Muna
   339 | D        | Noticed a blink frog
   339 | D        | Noticed a hippogriff
   339 | D        | Noticed a blink frog
   376 | D        | Reached skill level 10 in Spellcasting
   387 | D        | Killed a blink frog
   387 | D        | Reached skill level 5 in Invocations
   387 | D        | Reached XP level 8. HP: 11/42 MP: 7/24
   410 | D        | HP: 2/42 [hippogriff (6)]
   413 | D        | Reached skill level 11 in Spellcasting
   415 | D        | Killed a hippogriff
   416 | D        | Killed a blink frog
   416 | D        | Reached ***** piety under Sif Muna
   416 | D        | Reached skill level 1 in Fighting
   416 | D        | Reached skill level 12 in Spellcasting
   431 | D        | Noticed a seven-headed hydra
   432 | D        | Identified Kumucir's Papyrus of Helpful Venom (Sif Muna
                  | gifted it to you in the Dungeon)
   432 | D        | Received a gift from Sif Muna
   435 | D        | Killed a seven-headed hydra
   435 | D        | Reached skill level 13 in Spellcasting
   435 | D        | Reached XP level 9. HP: 13/48 MP: 13/28
   441 | D        | Learned a level 3 spell: Ozocubu's Armour
   445 | D        | Learned a level 3 spell: Mephitic Cloud
   454 | D        | Noticed a spiny frog
   461 | D        | Killed a spiny frog
   461 | D        | Reached skill level 5 in Conjurations
   462 | D        | Identified Viowiwir's Grimoire of Harmful Translocation
                  | (Sif Muna gifted it to you in the Dungeon)
   462 | D        | Received a gift from Sif Muna
   462 | D        | Reached skill level 14 in Spellcasting
   465 | D        | Reached skill level 5 in Charms
   467 | D        | Noticed a spiny frog
   471 | D        | Killed a spiny frog
   473 | D        | Reached skill level 10 in Invocations
   473 | D        | Reached XP level 10. HP: 21/53 MP: 4/30
   496 | D        | Learned a level 4 spell: Force Lance
   498 | D        | Noticed a spiny frog
   498 | D        | Noticed a spiny frog
   498 | D        | Noticed a spiny frog
   517 | D        | Reached skill level 1 in Translocations
   517 | D        | Killed a spiny frog
   517 | D        | Identified Sif Muna's Advanced Sorcery (Sif Muna gifted it
                  | to you in the Dungeon)
   517 | D        | Received a gift from Sif Muna
   517 | D        | Reached skill level 15 in Spellcasting
   532 | D        | Killed a spiny frog
   536 | D        | Killed a spiny frog
   551 | D        | Noticed a spiny frog
   558 | D        | Killed a spiny frog
   627 | D        | Noticed Psyche
   630 | D        | Killed Psyche
   630 | D        | Reached skill level 16 in Spellcasting
   675 | D        | Noticed Erolcha
   679 | D        | Killed Erolcha
   714 | D        | Identified Sif Muna's Advanced Sorcery (Sif Muna gifted it
                  | to you in the Dungeon)
   714 | D        | Received a gift from Sif Muna
   755 | D        | Noticed an orc sorcerer
   762 | D        | Killed an orc sorcerer
   765 | D        | Reached skill level 17 in Spellcasting
   774 | D        | Reached XP level 11. HP: 56/57 MP: 8/34
   812 | D        | Learned a level 5 spell: Borgnjor's Vile Clutch
   819 | D        | Found Esesasirgh's Book Boutique.
   819 | D        | Noticed an orc knight
   825 | D        | Identified Iskenderun's Compendium of the Tired Nights (Sif
                  | Muna gifted it to you in the Dungeon)
   825 | D        | Received a gift from Sif Muna
   825 | D        | Reached skill level 10 in Charms
   825 | D        | Reached skill level 1 in Necromancy
   827 | D        | Killed an orc knight
   830 | D        | Noticed an orc knight
   833 | D        | Noticed an orc knight
   835 | D        | Killed an orc knight
   836 | D        | Killed an orc knight
   845 | D        | Found Qimeing's Book Shop.
   849 | D        | Found Tiak's Distillery.
   853 | D        | Found Monunu's Assorted Antiques.
   855 | D        | Noticed an orc knight
   859 | D        | Noticed an orc knight
   860 | D        | Killed an orc knight
   860 | D        | Reached skill level 18 in Spellcasting
   861 | D        | Noticed an orc knight
   865 | D        | Killed an orc knight
   872 | D        | Killed an orc knight
   872 | D        | Identified Sif Muna's Grimoire of Dark Conjuration (Sif
                  | Muna gifted it to you in the Dungeon)
   872 | D        | Received a gift from Sif Muna
   872 | D        | Reached skill level 15 in Air Magic
   889 | D        | Bought a book of Minor Magic for 220 gold pieces
   892 | D        | Learned a level 2 spell: Blink
   892 | D        | Bought the Volume of Envenoming and Changing for 638 gold
                  | pieces
   899 | D        | Learned a level 6 spell: Freezing Cloud
   903 | D        | Bought a potion of brilliance for 44 gold pieces
   903 | D        | Bought a potion of mutation for 88 gold pieces
   903 | D        | Bought a potion of heal wounds for 55 gold pieces
   903 | D        | Bought a potion of curing for 33 gold pieces
   903 | D        | Bought a potion of heal wounds for 55 gold pieces
   903 | D        | Bought a potion of mutation for 88 gold pieces
   966 | D        | Noticed Eustachio
   970 | D        | Killed Eustachio
  1059 | D        | Noticed a seven-headed hydra
  1059 | D        | Noticed an orc knight
  1059 | D        | Noticed an orc knight
  1065 | D        | Reached ****** piety under Sif Muna
  1065 | D        | Killed an orc knight
  1066 | D        | Killed an orc knight
  1066 | D        | Reached skill level 5 in Necromancy
  1074 | D        | Killed a seven-headed hydra
  1076 | D        | Reached skill level 19 in Spellcasting
  1077 | D        | Noticed a frost giant
  1080 | D        | Identified Sif Muna's Almanac of the Voyage (Sif Muna
                  | gifted it to you in the Dungeon)
  1080 | D        | Received a gift from Sif Muna
  1081 | D        | Killed a frost giant
  1088 | D        | Learned a level 4 spell: Passage of Golubria
  1091 | D        | Noticed an ettin
  1091 | D        | Noticed a green ugly thing
  1091 | D        | Noticed a necromancer
  1093 | D        | Noticed a hell knight
  1095 | D        | Killed a necromancer
  1095 | D        | Killed a hell knight
  1095 | D        | Reached XP level 12. HP: 41/64 MP: 11/37
  1096 | D        | Killed an ettin
  1096 | D        | Noticed an ettin
  1101 | D        | Slain by a green ugly thing

Vault maps used:
D:        linesprint

Skill      XL: |  1  2  3  4  5  6  7  8  9 10 11 12 |
---------------+-------------------------------------+-----
Stealth        | 4 5 6 7 |  7.7
Air Magic      | 4 5 6 9 10 11 13 14 15 | 15.5
Dodging        | 3 4 6 7 8 |  8.6
Spellcasting   | 4 5 7 9 10 13 14 17 19 | 19.9
Staves         | 1 3 |  3.4
Evocations     | 1 |  1.1
Conjurations   | 3 4 5 7 9 |  9.4
Charms         | 1 6 9 12 | 12.6
Invocations    | 5 8 10 11 13 | 13.8
Fighting       | 1 2 |  2.5
Translocations | 1 |  1.9
Necromancy     | 6 7 |  7.0
Short Blades   | |  0.3

Action                   |  1- 3 |  4- 6 |  7- 9 | 10-12 || total
-------------------------+-------+-------+-------+-------++-------
Melee: Dagger            |    14 |       |       |       ||    14
       Quarterstaff      |       |     5 |       |     4 ||     9
 Cast: Shock             |     4 |     2 |     8 |       ||    14
       Swiftness         |     1 |       |     3 |     5 ||     9
       Lightning Bolt    |       |       |    22 |    90 ||   112
       Airstrike         |       |       |    13 |     3 ||    16
       Blink             |       |       |       |     2 ||     2
       Passage of Golubr |       |       |       |     1 ||     1
Invok: Channel Magic     |       |       |     8 |    12 ||    20
       Divine Energy     |       |       |       |     1 ||     1
       Stop Divine Energ |       |       |       |     1 ||     1
Evoke: Wand              |       |     5 |     4 |     2 ||    11
  Use: Potion            |     1 |       |     2 |       ||     3
       Scroll            |     1 |       |     4 |       ||     5
 Stab: Sleeping          |     1 |       |       |       ||     1
  Eat: Chunk             |       |       |     3 |     7 ||    10
Armor: Robe              |     4 |       |     1 |     3 ||     8
Dodge: Dodged            |     5 |     3 |    12 |     9 ||    29

Table legend:
 A = Non-vault XP
 B = Vault XP
 C = Vault XP percentage of total XP
 D = Non-vault monster count
 E = Vault monster count
 F = Vault count percentage of total count
                 A         B        C        D         E       F
            +---------+---------+-------+---------+---------+-------
      Total |       0 |   23364 | 100.0 |       0 |     102 | 100.0
            +---------+---------+-------+---------+---------+-------
          D |       0 |   23364 | 100.0 |       0 |     102 | 100.0
            +---------+---------+-------+---------+---------+-------
